 Dungeon Crawl Stone Soup version 0.31-a0-360-gb3e1d13bf4 (webtiles) character file.

Game seed: 3392949423223245711

105 mdonais the Sneak (level 4, 0/30 HPs)
             Began as an Octopode Shapeshifter on July 27, 2023.
             Killed by divine providence
             ... invoked by an orc priest
              (12 damage)
             ... on level 4 of the Dungeon.
             The game lasted 00:07:01 (2384 turns).

mdonais the Sneak (Octopode Shapeshifter)           Turns: 2384, Time: 00:07:02

Health: 0/30       AC:  1    Str: 14    XL:     4   Next: 83%
Magic:  4/4        EV: 13    Int: 10    God:
Gold:   117        SH:  5    Dex: 14    Spells: 3/3 levels left

rFire   . .          .
                       - Unarmed
rCold   . . .        (no shield)
rNeg    . . .        (helmet currently unavailable)
rPois   .            g - amulet of reflection
rElec   .            (no ring)
rCorr   .            (no ring)
SInv    .            (no ring)
Will    .....        (no ring)
Stlth   ++++         (no ring)
HPRegen 0.25/turn    (no ring)
MPRegen 0.09/turn    (no ring)
                     (no ring)

%: reflection
@: beast-form
A: beast (slay +2), almost no armour, amphibious, 8 rings, camouflage 1,
gelatinous body 1, (nimble swimmer 1), tentacles
a: Begin Untransformation


You were on level 4 of the Dungeon.
You were a hulking beast.
You visited 1 branch of the dungeon, and saw 4 of its levels.

You collected 117 gold pieces.

Inventory:

Jewellery
 g - an amulet of reflection (around mantle)
   (You found it on level 2 of the Dungeon)
Talismans
 b - a beast talisman
 n - a serpent talisman
   (You found it on level 3 of the Dungeon)
Wands
 j - a wand of mindburst (4)
   (You found it on level 3 of the Dungeon)
 V - a wand of flame (18)
   (You found it on level 2 of the Dungeon)
Scrolls
 e - 2 scrolls of blinking {unknown}
 i - a scroll of enchant armour
 k - 3 scrolls of fear {unknown}
 l - a scroll of fog
 T - a scroll of teleportation
Potions
 a - 2 potions of lignification
 c - a potion of heal wounds {unknown}
 d - a potion of invisibility {unknown}
 f - a potion of attraction {unknown}
 h - a potion of cancellation {unknown}
 m - a potion of brilliance {unknown}


   Skills:
 * Level 2.7 Fighting
 + Level 2.1 Dodging
 - Level 4.0 Stealth
 * Level 3.4 Unarmed Combat
 - Level 3.0 Shapeshifting


You had 3 spell levels left.
You didn't know any spells.
Your spell library contained the following spells:

 Spells                   Type           Power      Damage    Failure   Level
 Kiss of Death            Conj/Necr      0%         2d5       36%         1
 Confusing Touch          Hex            0%         N/A       75%         3
 Dispel Undead            Necr           0%         3d6       98%         4


Dungeon Overview and Level Annotations

Branches:
Dungeon (4/15) Zot: 21620
 Temple: D:4-7

Altars:


Innate Abilities, Weirdness & Mutations

You are a hulking beast.
Your limbs bulge with bestial killing power. (Slay +2)
You cannot wear most types of armour.
You are amphibious.
You can wear up to eight rings at the same time.
Your skin changes colour to match your surroundings (Stealth+).
Your rubbery body absorbs attacks. (AC +1, EV +1)
((You are camouflaged when in or above water. (Stealth+)))
You have tentacles for arms and can constrict up to eight enemies at once.


Message History

No target in view!
No target in view!
No target in view!
No target in view!
No target in view!
No target in view!
No target in view!
No target in view!
No target in view!
You see here a hobgoblin corpse.
An endoplasm comes into view.
Health restored: 30 An endoplasm is nearby!
No target in view!
No target in view!
No target in view!
No target in view!
No target in view!
No target in view!
No target in view!
No target in view!
No target in view!
No target in view!
No target in view!
Found a flail.
An endoplasm is nearby!
The endoplasm quivers.
You tentacle-slap the endoplasm. x2
The endoplasm is severely wounded.
The endoplasm freezes you.
You are frozen.
You take 2 damage, and have 28/30 hp.
You bludgeon the endoplasm!
You kill the endoplasm!
No target in view!
No target in view!
No target in view!
No target in view!
No target in view!
No target in view!
No target in view!
No target in view!
No target in view!
No target in view!
Terence the Incautious comes into view.
He is wielding a +0 short sword.
Found a stone staircase leading up.
Health restored: 30
Aiming: Mindburst
Press: ? - help, Shift-Dir - straight line, f - Terence
Aim: Terence, wielding a +0 short sword and wearing a +0 scale mail (asleep, chance to affect: 72%) Terence shouts!
Terence's mind is blasted!
Terence screams, "I'm going to kill you!"
Aiming: Mindburst
Press: ? - help, Shift-Dir - straight line, f/p - Terence
Aim: Terence, wielding a +0 short sword and wearing a +0 scale mail (heavily wounded, chance to affect: 72%) Terence's mind is blasted!!
You blow up Terence!
You see here a +0 flail.
Found a trident.
Things that are here:
a +0 short sword; a +0 scale mail
Things that are here:
a +0 short sword; a +0 scale mail A ball python comes into view.
The ball python hisses angrily.
You bludgeon the ball python!
You kill the ball python!
No target in view!
No target in view!
No target in view!
No target in view!
No target in view!
No target in view!
No target in view!
No target in view!
No target in view!
You see here a ball python corpse.
There is a stone staircase leading down here.
You see here a +0 dagger.
You see here a +1 whip of flaming.
There is a stone staircase leading down here.
Done exploring.
Done exploring.
Done exploring.
Search for what [Enter for "."]? .
As you read the scroll labelled KUCLUSEBAV, it crumbles to dust.
It is a scroll of identify.
i - a scroll of enchant armour;
R - 2 scrolls of identify
As you read the scroll of identify, it crumbles to dust.
l - a scroll of fog
As you read the scroll of identify, it crumbles to dust.
k - a scroll of teleportation;
T - a scroll of teleportation
Okay, then.
Okay, then.
(D) Dungeon
Where to? (Enter - D:3, ? - help)
There is a stone staircase leading down here.
You climb downwards.
Found a ruby potion.
Found a stone staircase leading up.
There is a stone staircase leading up here.
Search for what [Enter for "."]? altar Can't find anything matching that.
Found a stone staircase leading down.
c - a ruby potion
Found a ring mail.
An orc priest comes into view. It is wielding a +0 club.
Found a silvery potion.
Okay, then.
There is a stone staircase leading up here.
Found a stone staircase leading up.
k - 3 scrolls labelled ATWYONU FAAJO An orc wizard comes into view.
It is wielding a +0 dagger.
You see here a +0 ring mail.
An orc wizard is nearby!
You don't know any spells.
You don't know any spells.
An orc comes into view. It is wielding a +0 hand axe.
An orc comes into view. It is wielding a +0 dagger.
The orc shouts!
You bludgeon the orc!
You kill the orc!
No target in view!
Things that are here:
a +0 hand axe; an orc corpse The orc priest shouts!
Things that are here:
a +0 hand axe; an orc corpse You tentacle-slap the orc priest.
Your grab misses the orc priest. You squeeze the orc priest!
The orc priest is almost dead.
You block the orc priest's attack.
You tentacle-slap the orc priest but do no damage.
You grab the orc priest.
The orc priest is almost dead.
You constrict the orc priest. The orc priest hits you with a +0 club.
You take 4 damage, and have 26/30 hp.
You completely miss the orc priest.
The orc priest is almost dead.
You constrict the orc priest, but do no damage.
The orc priest calls down the wrath of Beogh upon you.
Pain shoots through your body!
You take 14 damage, and have 12/30 hp.
MASSIVE DAMAGE!!
You are too injured to fight recklessly!
You tentacle-slap the orc priest but do no damage.
The orc priest is almost dead.
You constrict the orc priest, but do no damage.
The orc priest mumbles some strange prayers to Beogh against you.
Beogh smites you!
You die...

#.##[##.#
#.##.##.#
####..o....#
#..........#
#####.##.##.##.#
#.......>##.##...
#.###.#####.######
####.###)#####.#
#...<.ho.......#
#<##.##.######.# #
#.##.# ... #....<
####..# #..# ...#
....


You could see an orc priest.

Vanquished Creatures
  Terence (D:3)
  An adder (D:3)
  5 dart slugs
  4 orcs
  4 ball pythons
  5 bats
  4 endoplasms
  4 giant cockroaches
  A goblin (D:3)
  6 hobgoblins
  6 jackals (D:3)
  A quokka (D:3)
  2 frilled lizards
  5 kobolds
  4 rats
53 creatures vanquished.

Notes
Turn   | Place    | Note
-------+----------+-------------------------------------------
     0 | D:1      | mdonais the Octopode Shapeshifter began the quest for the
                  | Orb.
     0 | D:1      | Reached XP level 1. HP: 13/13 MP: 1/1
    11 | D:1      | Reached skill level 1 in Stealth
    28 | D:1      | Reached skill level 2 in Stealth
    58 | D:1      | Reached XP level 2. HP: 16/18 MP: 2/2
   291 | D:1      | Reached skill level 3 in Stealth
  1115 | D:2      | Reached XP level 3. HP: 17/23 MP: 3/3
  1272 | D:2      | Reached skill level 4 in Stealth
  1727 | D:3      | Reached XP level 4. HP: 23/29 MP: 4/4
  2097 | D:3      | Noticed Terence
  2099 | D:3      | Killed Terence
  2384 | D:4      | Killed from afar by an orc priest

Illustrated notes

Levels and vault maps discovered:
D:1:      dpeg_arrival_pits, layout_basic
D:2:      layout_rooms
D:3:      layout_loops_ring, uniq_terence
D:4:      layout_loops_cross, nicolae_overflow_hidden_temple,
          minmay_temple_entry_enclosed_plants

Skill      XL: |  1  2  3 |
---------------+----------+-----
Stealth        | 2 3 4 |  4.0
Fighting       | 2 |  2.7
Dodging        | |  2.1
Unarmed Combat | |  3.4
Shapeshifting  | |  3.0

Action                     |  1- 3 |  4- 6 || total
---------------------------+-------+-------++-------
  Melee: Unarmed           |    57 |    30 ||    87
         Constrict         |    15 |     6 ||    21
         Tentacles         |     8 |     3 ||    11
         Punch             |     1 |     1 ||     2
  Evoke: Wand              |       |     2 ||     2
    Use: Scroll            |       |     3 ||     3
   Stab: Sleeping          |    13 |     5 ||    18
 Armour: Skin              |     2 |       ||     2
  Dodge: Dodged            |    24 |    10 ||    34
  Block: Other             |     6 |     4 ||    10

Table legend: (Time is in decaauts)
 A = Elapsed time spent in this place.
 B = Non-inter-level travel time spent in this place.
 C = Inter-level travel time spent in this place.
 D = Time resting spent in this place.
 E = Time spent auto-exploring this place.
 F = Levels seen in this place.
 G = Mean time per level.
                   A        B        C        D        E       F      G
               +--------+--------+--------+--------+--------+-----+--------+
         Total |   2379 |   2308 |     71 |      0 |   1902 |   4 |  594.8 |
       Dungeon |   2379 |   2308 |     71 |      0 |   1902 |   4 |  594.8 |
               +--------+--------+--------+--------+--------+-----+--------+

Top non-repeatable levels by time:
     D:1: 1083 daAuts
     D:3: 682 daAuts
     D:2: 516 daAuts
     D:4: 97 daAuts
